 Dungeon Sprint DCSS version 0.19-a0-1886-gd64a0f0 (webtiles) character file.

3910 poirepourri the Unseen (level 10, -5/47 HPs)
             Began as a Vine Stalker Enchanter on Oct 16, 2016.
             Was a Believer of Dithmenos.
             Slain by an unseen horror (9 damage)
             ... in the Dungeon (Sprint I: "Red Sonja").
             The game lasted 00:03:07 (798 turns).

poirepourri the Unseen (Vine Stalker Enchanter)      Turns: 798, Time: 00:03:08

Health: -5/47      AC:  5    Str: 11    XL:     10   Next: 20%
Magic:  0/24       EV: 15    Int: 15    God:    Dithmenos [**....]
Gold:   342        SH:  0    Dex: 18    Spells: 5 memorised, 16 levels left

rFire  . . .     SeeInvis .     l - +3 short sword (venom)
rCold  + . .     Gourm    .     n - +0 troll leather armour
rNeg   . . .     Faith    .     (no shield)
rPois  +         Spirit   +     (no helmet)
rElec  .         Dismiss  .     m - +0 cloak
rCorr  .         Reflect  .     (no gloves)
MR     +....     Harm     .     (no boots)
Stlth  +++++++++. NoTele   +    (no amulet)
                                p - ring of protection from cold
                                q - ring of poison resistance

@: very slightly contaminated, hasted, wreathed by umbra, very quick
A: fangs 3, regeneration 1, magic shield, antimagic bite, no device heal 3, rot
immunity
a: Shadow Step, Renounce Religion


You were in the Dungeon.
You worshipped Dithmenos.
Dithmenos was pleased with you.
You were full.

You visited 1 branch You collected 1049 gold pieces.
You spent 707 gold pieces at shops.

Inventory:

Hand Weapons
 l - a +3 short sword of venom (weapon)
Armour
 a - a +0 robe of fire resistance
 b - a +1 robe
 m - a +0 cloak (worn)
 n - a +0 troll leather armour (worn)
Jewellery
 p - a ring of protection from cold (right hand)
 q - a ring of poison resistance (left hand)
Scrolls
 j - a scroll of blinking
Potions
 d - a potion of flight
 e - 4 potions of curing
 f - a potion of heal wounds
 h - 2 potions of magic
Books
 c - a book of Maledictions

   Spells                             Type                      Level
   a - Corona                         Hexes                        1
   b - Ensorcelled Hibernation        Hexes/Ice                    2
   c - Confuse                        Hexes                        3
   d - Tukima's Dance                 Hexes                        3
   e - Dazzling Spray                 Conjuration/Hexes            3
Comestibles
 i - 4 fruits
 k - a beef jerky


   Skills:
 + Level 2.5 Fighting
 + Level 5.8 Short Blades
 + Level 5.6 Dodging
 + Level 17.0 Stealth
 + Level 9.9 Spellcasting
 + Level 12.6 Hexes
 + Level 4.7 Ice Magic


You had 16 spell levels left.
You knew the following spells:

 Your Spells              Type           Power        Failure   Level  Hunger
a - Corona                Hex            #####..      1%          1    None
b - Ensorcelled Hibernat  Hex/Ice        ####..       1%          2    None
c - Confuse               Hex            #####...     1%          3    #......
d - Tukima's Dance        Hex            #####...     1%          3    #......
e - Dazzling Spray        Conj/Hex       ####..       3%          3    #......


Dungeon Overview and Level Annotations

Branches:
Dungeon (1/1)

Altars:
Cheibriados
Dithmenos
Elyvilon
Fedhas
Gozag
Hepliaklqana
Kikubaaqudgha
Makhleb
Nemelex Xobeh
Okawaru
Qazlal
Ru
Sif Muna
Trog
Uskayaw
Vehumet
Xom
Yredelemnul
Zin
The Shining One
Jiyva
Lugonu

Shops:
D =[[


Innate Abilities, Weirdness & Mutations

You have razor-sharp teeth.
Your natural rate of healing is unusually fast.
When hurt, damage is shared between your health and your magic reserves.
Your bite disrupts and absorbs the magic of your enemies.
Potions and wands cannot restore your health.
You are immune to rotting.


Message History

Unknown command.
Something hits you but does no damage. Something hits you.
Something completely misses you. Something hits you. Something hits you!
Something hits you. Something hits you. Something completely misses you.
Something hits you. Something hits you! x2
You feel yourself speed up. Something hits you.
* * * LOW HITPOINT WARNING * * *
Something hits you.
* * * LOW HITPOINT WARNING * * *
You are very lightly contaminated with residual magic.
There is an open door here.
Something completely misses you.
You see here a redback corpse.
Something hits you.
* * * LOW HITPOINT WARNING * * *
Something hits you!
* * * LOW HITPOINT WARNING * * *
Something hits you!
You die...

').#..'..'..#
#####'#__####
#)..#.####.§####
#..##.#§≈§.)#!.#
##'#..'≈§§§§'.†#
÷'..._#§≈§§§#§§#
##_.#'##'#####§###
###'#.#§(§.###.'.#
###.####'###[###@#
.'...'..÷..'(∩##{#
##.).###########{#
###.###.......##§#
#.#'#.#....§§.§{§#
#.....#+++######§#
#.[...# #§#
####### +§# ###


There were no monsters in sight!

Vanquished Creatures
  2 centaur warriors (D)
  Sonja (D)
  A deep troll (D)
  An oklob plant (D)
  A hornet (D)
  A slime creature (D)
  Sigmund (D)
  2 redbacks (D)
  A yak (D)
  An ogre (D)
  A jelly (D)
  Ijyb (D)
  A ballistomycete (D)
  A ballistomycete spore (D)
16 creatures vanquished.

Vanquished Creatures (others)
  A ballistomycete spore (D)
1 creature vanquished.

Grand Total: 17 creatures vanquished

Notes
Turn   | Place    | Note
-------+----------+-------------------------------------------
     0 | D        | poirepourri the Vine Stalker Enchanter began the quest for the Orb.
     0 | D        | Reached XP level 1. HP: 9/9 MP: 4/4
     2 | D        | Noticed Ijyb
    13 | D        | Killed Ijyb
    13 | D        | Reached skill level 1 in Short Blades
    13 | D        | Reached skill level 5 in Stealth
    13 | D        | Reached XP level 2. HP: 14/14 MP: 5/7
    13 | D        | Reached XP level 3. HP: 17/17 MP: 5/8
   103 | D        | Learned a level 2 spell: Ensorcelled Hibernation
   107 | D        | Learned a level 3 spell: Confuse
   107 | D        | Noticed an ogre
   118 | D        | Killed an ogre
   118 | D        | Reached skill level 8 in Stealth
   118 | D        | Gained mutation: Your natural rate of healing is unusually fast. [Vine Stalker growth]
   118 | D        | Reached XP level 4. HP: 21/21 MP: 4/10
   240 | D        | Learned a level 3 spell: Tukima's Dance
   241 | D        | Noticed Sigmund
   245 | D        | Killed Sigmund
   245 | D        | Reached skill level 10 in Stealth
   245 | D        | Reached skill level 5 in Spellcasting
   245 | D        | Reached skill level 1 in Ice Magic
   245 | D        | Reached XP level 5. HP: 25/25 MP: 6/13
   245 | D        | Reached XP level 6. HP: 29/29 MP: 6/14
   304 | D        | Learned a level 3 spell: Dazzling Spray
   315 | D        | Found a deep blue altar of Sif Muna.
   317 | D        | Found a radiant altar of Vehumet.
   321 | D        | Reached skill level 1 in Fighting
   358 | D        | Found Diammair's Armour Emporium.
   358 | D        | Found an ancient bone altar of Kikubaaqudgha.
   358 | D        | Found a hazy altar of Hepliaklqana.
   358 | D        | Found a stormy altar of Qazlal.
   358 | D        | Found a hide-covered altar of Uskayaw.
   358 | D        | Found a blossoming altar of Fedhas.
   358 | D        | Found a bloodstained altar of Trog.
   358 | D        | Found an iron altar of Okawaru.
   358 | D        | Found a basalt altar of Yredelemnul.
   358 | D        | Found a glowing golden altar of the Shining One.
   358 | D        | Found a snail-covered altar of Cheibriados.
   358 | D        | Found a sacrificial altar of Ru.
   358 | D        | Found a glowing silver altar of Zin.
   358 | D        | Found a shadowy altar of Dithmenos.
   358 | D        | Found a white marble altar of Elyvilon.
   358 | D        | Noticed a yak
   359 | D        | Found an opulent altar of Gozag.
   360 | D        | Killed a yak
   360 | D        | Reached skill level 11 in Stealth
   360 | D        | Reached XP level 7. HP: 33/33 MP: 15/17
   361 | D        | Found a sparkling altar of Nemelex Xobeh.
   369 | D        | Became a worshipper of Dithmenos the Shadowed
   389 | D        | Found a burning altar of Makhleb.
   389 | D        | Found a viscous altar of Jiyva.
   389 | D        | Found a shimmering altar of Xom.
   389 | D        | Found a corrupted altar of Lugonu.
   389 | D        | Noticed a slime creature
   392 | D        | Killed a slime creature
   392 | D        | Reached skill level 12 in Stealth
   417 | D        | Noticed Sonja
   421 | D        | Killed Sonja
   421 | D        | Reached skill level 13 in Stealth
   421 | D        | Reached skill level 10 in Hexes
   421 | D        | Gained mutation: You have razor-sharp teeth. [Vine Stalker growth]
   421 | D        | Reached XP level 8. HP: 38/38 MP: 18/20
   458 | D        | Noticed a deep troll
   462 | D        | Killed a deep troll
   462 | D        | Reached * piety under Dithmenos
   462 | D        | Reached skill level 5 in Dodging
   462 | D        | Reached skill level 14 in Stealth
   462 | D        | Reached XP level 9. HP: 42/42 MP: 20/22
   472 | D        | Found Pubbai's Armour Emporium.
   476 | D        | Bought a +0 robe of fire resistance for 77 gold pieces
   476 | D        | Bought a +0 cloak for 45 gold pieces
   520 | D        | Found Kouberr's Jewellery Boutique.
   548 | D        | Noticed a centaur warrior
   548 | D        | Noticed a centaur warrior
   550 | D        | Killed a centaur warrior
   550 | D        | Reached skill level 15 in Stealth
   553 | D        | Killed a centaur warrior
   553 | D        | Reached skill level 5 in Short Blades
   553 | D        | Reached skill level 16 in Stealth
   604 | D        | Noticed a hornet
   607 | D        | Killed a hornet
   607 | D        | Reached ** piety under Dithmenos
   619 | D        | Noticed an oklob plant
   621 | D        | Killed an oklob plant
   621 | D        | Reached XP level 10. HP: 47/47 MP: 24/24
   652 | D        | Bought an uncursed ring of protection from cold for 325 gold pieces
   652 | D        | Bought an uncursed ring of poison resistance for 260 gold pieces
   763 | D        | Reached skill level 17 in Stealth
   798 | D        | Slain by an unseen horror

Vault maps used:
D:        dungeon_sprint_1

Skill      XL: |  1  2  3  4  5  6  7  8  9 10 |
---------------+-------------------------------+-----
Short Blades   | 1 2 3 4 5 |  5.8
Dodging        | 2 3 4 5 |  5.6
Stealth        | 5 8 10 11 13 14 16 17 | 17.0
Spellcasting   | 3 5 6 7 8 9 |  9.9
Hexes          | 4 6 7 8 10 11 12 | 12.6
Ice Magic      | 1 2 3 4 |  4.7
Fighting       | 1 2 |  2.5

Action                   |  1- 3 |  4- 6 |  7- 9 | 10-12 || total
-------------------------+-------+-------+-------+-------++-------
Melee: Dagger            |    11 |     3 |     2 |       ||    16
       Bite              |     2 |       |     1 |     2 ||     5
       Short sword       |       |       |     5 |     7 ||    12
 Cast: Corona            |     1 |       |       |       ||     1
       Ensorcelled Hiber |     2 |     2 |     1 |       ||     5
       Dazzling Spray    |       |       |       |     1 ||     1
  Use: Potion            |     1 |       |       |     1 ||     2
       Scroll            |       |       |     1 |     1 ||     2
 Stab: Sleeping          |     1 |     3 |     7 |     2 ||    13
  Eat: Bread ration      |     1 |       |       |       ||     1
Armor: Robe              |     1 |       |       |       ||     1
       Troll leather arm |       |       |       |     1 ||     1
Dodge: Dodged            |     5 |       |       |     5 ||    10
